Inferno vs Little Stars
Created - December 19, 2018 at 19:01
Goals
|
| Inferno |
3 |
2 |
1 |
0 |
1 |
6 |
| Little Stars |
2 |
3 |
1 |
0 |
2 |
7 |
|
Shots
|
| Inferno |
12 |
15 |
9 |
2 |
3 |
38 |
| Little Stars |
8 |
15 |
12 |
0 |
2 |
35 |
|
1st period
1. Little Stars , Alexander Vasyunov 5 (Mathieu Perreault 11, Tucker Poolman 3) at 3:23
2. Inferno , Matt Kassian 12 (Philip Varone 14) at 12:54
3. Inferno , Victor Rask 5 (Christian Folin 15, Matthew Nieto 10) at 14:48
4. Inferno , Matt Kassian 13 (Mathieu Brodeur 13, Philip Varone 15) at 15:25
5. Little Stars , Mathieu Perreault 8 (Alexander Vasyunov 6, Tucker Poolman 4) at 18:13
Penalties :
Zach Budish (Tex) for High sticking (Minor) at 18:43
2nd period
6. Inferno , Tanner Pearson 12 (Vladimir Sobotka 12) at 0:06 (PP)
7. Little Stars , Shawn Matthias 10 (Anton Cederholm 2) at 4:15
8. Little Stars , Dana Tyrell 11 (Jesse Joensuu 13) at 6:32 (PP)
9. Little Stars , Shawn Matthias 11 (Brian Flynn 32) at 7:40
10. Inferno , Tanner Pearson 13 (Christian Folin 16, Vladimir Sobotka 13) at 17:18
Penalties :
David Savard (Anc) for Hooking (Minor) at 4:37, Christian Folin (Anc) for Cross-checking (Minor) at 10:34
3rd period
11. Inferno , Tanner Pearson 14 (Ryan Spooner 7) at 15:02
12. Little Stars , Zach Budish 6 (Brian Flynn 33, Andrej Sustr 7) at 15:18 (PP)
Penalties :
Peter Delmas (Tex) for Slashing (Minor) at 8:36 - Andrej Sustr served the penalty, Matthew Nieto (Anc) for Diving (Minor) at 15:11
Overtime #1
No Goal
Penalties :
No Penalty
Shootout
Penalty Shot by Vladimir Zharkov for Inferno - Stopped by Peter Delmas
Penalty Shot by Shawn Matthias for Little Stars - Goal!
Penalty Shot by Victor Rask for Inferno - Goal!
Penalty Shot by Brian Flynn for Little Stars - Goal!
Penalty Shot by Philip Varone for Inferno - Stopped by Peter Delmas
Penalties :
No Penalty
Goalie Stats
Christopher Gibson (Anc), 29 saves from 35 shots - (0.829), OTL, 10-7-2, 65:00 minutes
Matt Murray (Tex), 9 saves from 13 shots - (0.692), 20:06 minutes
Peter Delmas (Tex), 23 saves from 25 shots - (0.920), W, 7-7-1, 44:54 minutes
Players Stats for Inferno
Player Name G A P +/- PIM S H SB GA TA FO MP PP MP PK MP
------------------------------------------------------------------------------------
Bryan Rust 0 0 0 -1 0 1 1 0 0 1 0/0 13:40 0:00 2:16
Christian Folin 0 2 2 3 2 2 0 2 0 0 0/0 21:34 2:03 0:34
Colby Robak 0 0 0 -2 0 4 0 4 1 0 0/0 28:16 0:00 2:25
David Savard 0 0 0 -1 2 0 1 1 0 0 0/0 25:59 2:03 1:04
Esa Lindell 0 0 0 0 0 0 0 0 0 0 0/0 15:06 1:19 0:19
Luca Sbisa 0 0 0 0 0 2 2 0 1 0 0/1 8:12 0:00 0:00
Mathieu Brodeur 0 1 1 2 0 0 2 3 1 1 0/0 23:38 0:00 2:03
Matt Kassian 2 0 2 1 0 2 2 1 1 1 1/2 16:24 0:04 0:22
Matthew Nieto 0 1 1 -1 2 3 2 1 0 0 0/0 13:59 1:28 0:22
Oliver Bjorkstrand 0 0 0 1 0 2 1 0 0 0 0/1 15:42 1:28 0:00
Philip Varone 0 2 2 1 0 5 2 0 1 0 7/15 17:13 0:00 1:23
Ryan Spooner 0 1 1 0 0 1 0 2 0 0 4/6 8:30 0:04 0:00
Simon Danis-Pepin 0 0 0 0 0 2 0 1 0 0 0/0 15:42 1:19 1:37
Tanner Pearson 3 0 3 1 0 6 0 1 0 0 0/1 21:31 1:50 0:00
Tyler Shattock 0 0 0 0 0 0 0 0 0 0 0/0 8:30 0:04 0:00
Victor Rask 1 0 1 -1 0 1 0 0 0 0 2/5 12:12 1:28 0:00
Vladimir Sobotka 0 2 2 1 0 2 5 0 1 3 23/37 25:31 1:50 2:16
Vladimir Zharkov 0 0 0 1 0 5 2 0 1 1 1/1 24:17 1:50 1:23
Players Stats for Little Stars
Player Name G A P +/- PIM S H SB GA TA FO MP PP MP PK MP
------------------------------------------------------------------------------------
Alexander Vasyunov 1 1 2 -1 0 5 1 1 1 0 0/0 14:12 0:00 0:00
Andrej Sustr 0 1 1 0 0 0 2 1 1 4 0/0 29:43 2:26 0:44
Anton Cederholm 0 1 1 1 0 2 0 2 0 1 0/0 12:54 0:00 0:19
Bo Horvat 0 0 0 0 0 1 1 0 0 0 1/3 6:31 0:00 0:39
Brian Flynn 0 2 2 2 0 1 0 0 1 0 14/31 23:13 2:12 1:52
Dana Tyrell 1 0 1 -2 0 4 2 1 1 1 3/13 19:34 1:48 0:51
Emile Poirier 0 0 0 0 0 0 0 0 0 0 0/1 3:06 0:10 0:00
Jesse Joensuu 0 1 1 -2 0 2 3 0 1 0 0/0 19:34 1:48 0:51
Jordie Benn 0 0 0 -2 0 3 1 0 0 0 0/0 21:46 1:35 1:14
Justin Auger 0 0 0 -1 0 1 1 0 0 0 2/2 14:32 0:00 0:00
Mathieu Perreault 1 1 2 -1 0 6 1 0 0 1 8/14 16:09 0:07 0:00
Michael Mersch 0 0 0 0 0 0 0 0 0 0 0/0 6:37 0:00 0:39
Scott Kosmachuck 0 0 0 -2 0 0 2 0 0 0 1/1 17:26 1:45 0:00
Shawn Matthias 2 0 2 2 0 5 2 1 0 0 2/4 26:36 2:06 1:52
Tucker Poolman 0 2 2 1 0 0 0 0 0 0 0/0 13:24 0:00 1:03
Tyler Wotherspoon 0 0 0 -2 0 1 1 3 0 0 0/0 21:50 1:35 1:32
Tyson Barrie 0 0 0 0 0 2 1 3 2 0 0/0 30:37 2:26 1:52
Zach Budish 1 0 1 2 2 2 0 0 0 0 0/0 18:53 2:07 0:00
3 Stars
1 - Tanner Pearson (Anc)
2 - Shawn Matthias (Tex)
3 - Matt Kassian (Anc)
Power Play
Inferno - 1 on 2 Attempt(s) - 50.00%
Little Stars - 2 on 3 Attempt(s) - 66.67%
Penalty Kill
Inferno - 1 on 3 Attempt(s) - 33.33%
- Score 0 goal in Penalty Kill
Little Stars - 1 on 2 Attempt(s) - 50.00%
- Score 0 goal in Penalty Kill
Team Stat
Inferno - Hits : 20 - Faceoff Wins : 38 - Blocked Shots : 16 - Penalty Minutes : 6
Little Stars - Hits : 18 - Faceoff Wins : 31 - Blocked Shots : 12 - Penalty Minutes : 4
Official
Referees : Unknown
Linesman : Unknown
Game Notes
Peter Delmas enters game at 0:06 of 2nd period
Tanner Pearson has scored a Hat Trick!
Finance
Level 1 -- Attendance: 1477 (73.85%) -- Ticket Income $51,695
Level 2 -- Attendance: 744 (74.40%) -- Ticket Income $14,880
Total Attendance: 2221 (74.03%)
Total Ticket Income: $66,575
Other Income: $3,329
Total Income: $69,904
Inferno
5 vs 5 Forward
Center Left Wing Right Wing Time % Phy DF OF
1 Vladimir Sobotka Tanner Pearson Vladimir Zharkov 40 1 2 2
2 Philip Varone Matt Kassian Oliver Bjorkstrand 30 1 2 2
3 Victor Rask Matthew Nieto Bryan Rust 20 1 2 2
4 Ryan Spooner Luca Sbisa Tyler Shattock 10 1 2 2
5 vs 5 Defense
Defense Defense Time % Phy DF OF
1 Colby Robak David Savard 40 1 2 2
2 Christian Folin Mathieu Brodeur 30 1 2 2
3 Esa Lindell Simon Danis-Pepin 20 1 2 2
4 Colby Robak Mathieu Brodeur 10 1 2 2
PowerPlay Forward
Center Left Wing Right Wing Time % Phy DF OF
1 Vladimir Sobotka Tanner Pearson Vladimir Zharkov 60 1 2 2
2 Victor Rask Matthew Nieto Oliver Bjorkstrand 40 1 2 2
PowerPlay Defense
Defense Defense Time % Phy DF OF
1 Christian Folin David Savard 60 1 2 2
2 Esa Lindell Simon Danis-Pepin 40 1 2 2
Penalty Kill 4 Players Forward
Center Wing Time % Phy DF OF
1 Vladimir Sobotka Bryan Rust 60 1 2 2
2 Philip Varone Vladimir Zharkov 40 1 2 2
Penalty Kill 4 Players Defense
Defense Defense Time % Phy DF OF
1 Colby Robak David Savard 60 1 2 2
2 Christian Folin Mathieu Brodeur 40 1 2 2
Penalty Kill - 3 Players Forward
Forward Time % Phy DF OF
1 Vladimir Sobotka 60 1 2 2
2 Bryan Rust 40 1 2 2
Penalty Kill - 3 Players Defense
Defense Defense Time % Phy DF OF
1 Colby Robak David Savard 60 1 2 2
2 Christian Folin Mathieu Brodeur 40 1 2 2
4 vs 4 Forward
Center Wing Time % Phy DF OF
1 Vladimir Sobotka Vladimir Zharkov 60 1 2 2
2 Philip Varone Bryan Rust 40 1 2 2
4 vs 4 Defense
Defense Defense Time % Phy DF OF
1 Colby Robak David Savard 60 1 2 2
2 Christian Folin Mathieu Brodeur 40 1 2 2
Last Minutes Offensive
Center Left Wing Right Wing Defense Defense
Vladimir Sobotka Tanner Pearson Vladimir Zharkov Colby Robak David Savard
Last Minutes Defensive
Center Left Wing Right Wing Defense Defense
Vladimir Sobotka Tanner Pearson Vladimir Zharkov Colby Robak David Savard
Goaltenders
Starting : Christopher Gibson
Backup : Michael Hutchinson
Extra Forwards
Normal : Philip Varone, Matt Kassian, Matthew Nieto - PP : Ryan Spooner, Oliver Bjorkstrand - PK : Matt Kassian
Extra Defensemen
Normal : Christian Folin, Mathieu Brodeur, Esa Lindell - PP : Esa Lindell - PK : Mathieu Brodeur, Simon Danis-Pepin
Penalty Shots
Vladimir Zharkov, Victor Rask, Philip Varone, Tanner Pearson, Oliver Bjorkstrand
Scratches
Anders Lee (Healthy), Chris Brown (Healthy), Frank Corrado (Healthy), Joakim Nordstrom (Healthy), Trevor Carrick (Healthy)
Petteri Lindbohm (Healthy), Daniil Tarasov (Healthy), Peter Cehlarik (Healthy), John Gilmour (Healthy), Branden Troock (Healthy)
Greg Pateryn (Healthy), Nathan Lieuwen (Healthy)
Little Stars
5 vs 5 Forward
Center Left Wing Right Wing Time % Phy DF OF
1 Brian Flynn Shawn Matthias Zach Budish 40 1 2 2
2 Dana Tyrell Jesse Joensuu Scott Kosmachuck 30 1 2 2
3 Mathieu Perreault Alexander Vasyunov Justin Auger 20 1 2 2
4 Bo Horvat Michael Mersch Shawn Matthias 10 1 2 2
5 vs 5 Defense
Defense Defense Time % Phy DF OF
1 Andrej Sustr Tyson Barrie 40 1 2 2
2 Jordie Benn Tyler Wotherspoon 30 1 2 2
3 Anton Cederholm Tucker Poolman 20 1 2 2
4 Andrej Sustr Tyson Barrie 10 1 2 2
PowerPlay Forward
Center Left Wing Right Wing Time % Phy DF OF
1 Brian Flynn Shawn Matthias Zach Budish 60 0 2 3
2 Dana Tyrell Jesse Joensuu Scott Kosmachuck 40 0 2 3
PowerPlay Defense
Defense Defense Time % Phy DF OF
1 Andrej Sustr Tyson Barrie 60 0 2 3
2 Jordie Benn Tyler Wotherspoon 40 0 2 3
Penalty Kill 4 Players Forward
Center Wing Time % Phy DF OF
1 Shawn Matthias Brian Flynn 60 0 3 2
2 Dana Tyrell Jesse Joensuu 40 0 3 2
Penalty Kill 4 Players Defense
Defense Defense Time % Phy DF OF
1 Andrej Sustr Tyson Barrie 60 0 3 2
2 Jordie Benn Tyler Wotherspoon 40 0 3 2
Penalty Kill - 3 Players Forward
Forward Time % Phy DF OF
1 Shawn Matthias 60 0 3 2
2 Brian Flynn 40 0 3 2
Penalty Kill - 3 Players Defense
Defense Defense Time % Phy DF OF
1 Andrej Sustr Tyson Barrie 60 0 3 2
2 Jordie Benn Tyler Wotherspoon 40 0 3 2
4 vs 4 Forward
Center Wing Time % Phy DF OF
1 Shawn Matthias Brian Flynn 60 1 2 2
2 Dana Tyrell Jesse Joensuu 40 1 2 2
4 vs 4 Defense
Defense Defense Time % Phy DF OF
1 Andrej Sustr Tyson Barrie 60 1 2 2
2 Jordie Benn Tyler Wotherspoon 40 1 2 2
Last Minutes Offensive
Center Left Wing Right Wing Defense Defense
Brian Flynn Shawn Matthias Zach Budish Andrej Sustr Tyson Barrie
Last Minutes Defensive
Center Left Wing Right Wing Defense Defense
Brian Flynn Shawn Matthias Zach Budish Andrej Sustr Tyson Barrie
Goaltenders
Starting : Matt Murray
Backup : Peter Delmas
Extra Forwards
Normal : Emile Poirier, Mathieu Perreault, Bo Horvat - PP : Emile Poirier, Mathieu Perreault - PK : Bo Horvat
Extra Defensemen
Normal : Anton Cederholm, Tucker Poolman, Jordie Benn - PP : Anton Cederholm - PK : Tucker Poolman, Jordie Benn
Penalty Shots
Shawn Matthias, Brian Flynn, Dana Tyrell, Jesse Joensuu, Mathieu Perreault
Scratches
Daniel O'regan (Healthy), Reece Willcox (Healthy), Ville Pokka (Healthy), Jason Dickinson (Healthy), Phil Oreskovic (Strained Left Elbow Injury)
Cam Atkinson (Healthy), Spencer Martin (Healthy)
% Time on Ice - Inferno
Lines # - Real PCT - Wanted PCT - Time Play
Normal Forward
1 - 38% - 40% - 19:48
2 - 27% - 30% - 14:14
3 - 20% - 20% - 10:23
4 - 16% - 10% - 8:12
Normal Defense
1 - 39% - 40% - 20:30
2 - 31% - 30% - 16:28
3 - 24% - 20% - 12:27
4 - 6% - 10% - 3:12
PP Forward
1 - 56% - 60% - 1:54
2 - 44% - 40% - 1:28
PP Defense
1 - 61% - 60% - 2:03
2 - 39% - 40% - 1:19
PK Forward
1 - 66% - 60% - 2:38
2 - 34% - 40% - 1:23
PK Defense
1 - 60% - 60% - 2:25
2 - 40% - 40% - 1:36
PK3 Forward
1 - 0% - 60%
2 - 0% - 40%
PK3 Defense
1 - 0% - 60%
2 - 0% - 40%
44 Forward
1 - 85% - 60% - 4:16
2 - 15% - 40% - 0:44
44 Defense
1 - 62% - 60% - 3:05
2 - 38% - 40% - 1:55
Last Minute Offensive - 0:00
Last Minute Defensive - 0:00
Total
Forward - 65:00
Defense - 65:00
|
% Time on Ice - Little Stars
Lines # - Real PCT - Wanted PCT - Time Play
Normal Forward
1 - 32% - 40% - 16:44
2 - 32% - 30% - 16:46
3 - 27% - 20% - 14:12
4 - 9% - 10% - 4:55
Normal Defense
1 - 39% - 40% - 20:47
2 - 32% - 30% - 16:47
3 - 22% - 20% - 11:45
4 - 6% - 10% - 3:18
PP Forward
1 - 55% - 60% - 2:13
2 - 45% - 40% - 1:48
PP Defense
1 - 61% - 60% - 2:26
2 - 39% - 40% - 1:35
PK Forward
1 - 75% - 60% - 2:31
2 - 25% - 40% - 0:51
PK Defense
1 - 65% - 60% - 2:11
2 - 35% - 40% - 1:11
PK3 Forward
1 - 0% - 60%
2 - 0% - 40%
PK3 Defense
1 - 0% - 60%
2 - 0% - 40%
44 Forward
1 - 77% - 60% - 3:51
2 - 23% - 40% - 1:09
44 Defense
1 - 61% - 60% - 3:04
2 - 39% - 40% - 1:56
Last Minute Offensive - 0:00
Last Minute Defensive - 0:00
Total
Forward - 65:00
Defense - 65:00
|
Play by Play
1st period
0:01 of 1st period - Brian Flynn wins face-off versus Vladimir Sobotka in neutral zone.
0:28 of 1st period - Icing by Jesse Joensuu.
0:29 of 1st period - Philip Varone wins face-off versus Dana Tyrell in Little Stars zone.
0:42 of 1st period - Snap shot by Philip Varone.
0:42 of 1st period - Stopped by Matt Murray without a rebound.
0:43 of 1st period - Mathieu Perreault wins face-off versus Victor Rask in Little Stars zone.
0:59 of 1st period - Slapshot by Mathieu Perreault.
0:59 of 1st period - Stopped by Christopher Gibson without a rebound.
1:00 of 1st period - Ryan Spooner wins face-off versus Bo Horvat in Inferno zone.
2:15 of 1st period - Snap shot by Oliver Bjorkstrand.
2:15 of 1st period - Shot Misses the Net.
2:43 of 1st period - Wrist shot by Tanner Pearson.
2:43 of 1st period - Shot Misses the Net.
3:21 of 1st period - Slapshot by Alexander Vasyunov.
3:21 of 1st period - Shot Misses the Net.
3:23 of 1st period - Wrist shot by Alexander Vasyunov.
3:23 of 1st period - Goal by Alexander Vasyunov - Inferno : 0 - Little Stars : 1.
3:24 of 1st period - Brian Flynn wins face-off versus Vladimir Sobotka in neutral zone.
3:50 of 1st period - Dana Tyrell is hit by Matt Kassian and loses puck.
4:17 of 1st period - Wrist shot by Luca Sbisa.
4:17 of 1st period - Stopped by Matt Murray with a rebound.
4:38 of 1st period - Snap shot by Vladimir Zharkov.
4:38 of 1st period - Shot Blocked by Anton Cederholm.
4:56 of 1st period - Slapshot by Dana Tyrell.
4:56 of 1st period - Shot Blocked by David Savard.
4:58 of 1st period - Slapshot by Anton Cederholm.
4:58 of 1st period - Deflect By Colby Robak.
4:58 of 1st period - Stopped by Christopher Gibson without a rebound.
4:59 of 1st period - Philip Varone wins face-off versus Brian Flynn in Inferno zone.
5:24 of 1st period - Bryan Rust is hit by Justin Auger and loses puck.
6:39 of 1st period - Esa Lindell is hit by Shawn Matthias and loses puck.
7:49 of 1st period - Colby Robak is hit by Andrej Sustr and loses puck.
7:56 of 1st period - Andrej Sustr is hit by Matthew Nieto and loses puck.
8:55 of 1st period - Slapshot by Jordie Benn.
8:55 of 1st period - Stopped by Christopher Gibson with a rebound.
9:03 of 1st period - Wrist shot by Colby Robak.
9:03 of 1st period - Shot Misses the Net.
9:05 of 1st period - Slapshot by David Savard.
9:05 of 1st period - Deflect By Ryan Spooner.
9:05 of 1st period - Shot Misses the Net.
9:05 of 1st period - Puck is out of play.
9:06 of 1st period - Vladimir Sobotka wins face-off versus Dana Tyrell in Little Stars zone.
9:11 of 1st period - Wrist shot by Vladimir Zharkov.
9:11 of 1st period - Shot Misses the Net.
9:13 of 1st period - Snap shot by Vladimir Zharkov.
9:13 of 1st period - Deflect By Tanner Pearson.
9:13 of 1st period - Shot Misses the Net.
9:13 of 1st period - Puck is out of play.
9:14 of 1st period - Brian Flynn wins face-off versus Vladimir Sobotka in Little Stars zone.
9:28 of 1st period - Snap shot by Vladimir Zharkov.
9:28 of 1st period - Stopped by Matt Murray without a rebound.
9:29 of 1st period - Mathieu Perreault wins face-off versus Philip Varone in Little Stars zone.
10:25 of 1st period - Slapshot by Jesse Joensuu.
10:25 of 1st period - Deflect By Scott Kosmachuck.
10:25 of 1st period - Shot Misses the Net.
10:25 of 1st period - Puck is out of play.
10:26 of 1st period - Mathieu Perreault wins face-off versus Vladimir Sobotka in Inferno zone.
10:27 of 1st period - Slapshot by Tyson Barrie.
10:27 of 1st period - Deflect By Alexander Vasyunov.
10:27 of 1st period - Shot Misses the Net.
10:27 of 1st period - Puck is out of play.
10:28 of 1st period - Vladimir Sobotka wins face-off versus Mathieu Perreault in Inferno zone.
11:56 of 1st period - Snap shot by Vladimir Sobotka.
11:56 of 1st period - Shot Misses the Net.
12:28 of 1st period - Colby Robak is hit by Shawn Matthias.
12:34 of 1st period - Slapshot by Tanner Pearson.
12:34 of 1st period - Stopped by Matt Murray with a rebound.
12:36 of 1st period - Snap shot by Vladimir Sobotka.
12:36 of 1st period - Stopped by Matt Murray without a rebound.
12:37 of 1st period - Philip Varone wins face-off versus Dana Tyrell in Little Stars zone.
12:38 of 1st period - Snap shot by Oliver Bjorkstrand.
12:38 of 1st period - Stopped by Matt Murray without a rebound.
12:39 of 1st period - Philip Varone wins face-off versus Dana Tyrell in Little Stars zone.
12:52 of 1st period - Snap shot by Matt Kassian.
12:52 of 1st period - Shot Blocked by Tyler Wotherspoon.
12:54 of 1st period - Wrist shot by Matt Kassian.
12:54 of 1st period - Goal by Matt Kassian - Inferno : 1 - Little Stars : 1.
12:55 of 1st period - Brian Flynn wins face-off versus Philip Varone in neutral zone.
13:53 of 1st period - Off-side.
13:54 of 1st period - Philip Varone wins face-off versus Brian Flynn in neutral zone.
14:48 of 1st period - Wrist shot by Victor Rask.
14:48 of 1st period - Goal by Victor Rask - Inferno : 2 - Little Stars : 1.
14:49 of 1st period - Brian Flynn wins face-off versus Vladimir Sobotka in neutral zone.
15:16 of 1st period - Andrej Sustr is hit by Matt Kassian and loses puck.
15:21 of 1st period - Wrist shot by Philip Varone.
15:21 of 1st period - Shot Blocked by Tyson Barrie.
15:23 of 1st period - Slapshot by Mathieu Brodeur.
15:23 of 1st period - Shot Misses the Net.
15:25 of 1st period - Wrist shot by Matt Kassian.
15:25 of 1st period - Goal by Matt Kassian - Inferno : 3 - Little Stars : 1.
15:26 of 1st period - Vladimir Sobotka wins face-off versus Brian Flynn in neutral zone.
15:51 of 1st period - Philip Varone is hit by Dana Tyrell and loses puck.
15:59 of 1st period - Snap shot by Dana Tyrell.
15:59 of 1st period - Stopped by Christopher Gibson with a rebound.
16:01 of 1st period - Slapshot by Tyson Barrie.
16:01 of 1st period - Shot Misses the Net.
16:13 of 1st period - Snap shot by Matthew Nieto.
16:13 of 1st period - Stopped by Matt Murray with a rebound.
16:16 of 1st period - Icing by Mathieu Perreault.
16:17 of 1st period - Vladimir Sobotka wins face-off versus Mathieu Perreault in Little Stars zone.
16:24 of 1st period - Snap shot by Mathieu Perreault.
16:24 of 1st period - Stopped by Christopher Gibson without a rebound.
16:25 of 1st period - Vladimir Sobotka wins face-off versus Brian Flynn in Inferno zone.
17:14 of 1st period - Off-side.
17:15 of 1st period - Justin Auger wins face-off versus Victor Rask in neutral zone.
18:04 of 1st period - Christian Folin is hit by Alexander Vasyunov and loses puck.
18:11 of 1st period - Snap shot by Mathieu Perreault.
18:11 of 1st period - Shot Misses the Net.
18:13 of 1st period - Snap shot by Mathieu Perreault.
18:13 of 1st period - Goal by Mathieu Perreault - Inferno : 3 - Little Stars : 2.
18:14 of 1st period - Vladimir Sobotka wins face-off versus Brian Flynn in neutral zone.
18:21 of 1st period - Snap shot by Tanner Pearson.
18:21 of 1st period - Stopped by Matt Murray without a rebound.
18:22 of 1st period - Vladimir Sobotka wins face-off versus Brian Flynn in Little Stars zone.
18:35 of 1st period - Snap shot by Vladimir Zharkov.
18:35 of 1st period - Stopped by Matt Murray with a rebound.
18:37 of 1st period - Wrist shot by Vladimir Sobotka.
18:37 of 1st period - Shot Misses the Net.
18:43 of 1st period - Minor Penalty to Zach Budish for High sticking.
18:44 of 1st period - Shawn Matthias wins face-off versus Vladimir Sobotka in Little Stars zone.
18:57 of 1st period - Wrist shot by Vladimir Sobotka.
18:57 of 1st period - Shot Misses the Net.
19:39 of 1st period - Wrist shot by Bo Horvat.
19:39 of 1st period - Stopped by Christopher Gibson with a rebound.
Goals for this period are 3 for Inferno vs 2 for Little Stars.
Shots for this period are 12 for Inferno vs 8 for Little Stars.
2nd period
0:01 of 2nd period - Vladimir Sobotka wins face-off versus Shawn Matthias in neutral zone.
0:06 of 2nd period - Snap shot by Tanner Pearson.
0:06 of 2nd period - Goal by Tanner Pearson - Inferno : 4 - Little Stars : 2.
0:06 of 2nd period - Peter Delmas enters game.
0:07 of 2nd period - Vladimir Sobotka wins face-off versus Brian Flynn in neutral zone.
0:10 of 2nd period - Andrej Sustr is hit by Vladimir Sobotka and loses puck.
1:26 of 2nd period - Wrist shot by Dana Tyrell.
1:26 of 2nd period - Shot Blocked by Ryan Spooner.
1:28 of 2nd period - Wrist shot by Jesse Joensuu.
1:28 of 2nd period - Shot Misses the Net.
1:30 of 2nd period - Snap shot by Anton Cederholm.
1:30 of 2nd period - Deflect By Simon Danis-Pepin.
1:30 of 2nd period - Stopped by Christopher Gibson with a rebound.
1:52 of 2nd period - Snap shot by Ryan Spooner.
1:52 of 2nd period - Stopped by Peter Delmas without a rebound.
1:53 of 2nd period - Vladimir Sobotka wins face-off versus Bo Horvat in Little Stars zone.
1:56 of 2nd period - Slapshot by Vladimir Zharkov.
1:56 of 2nd period - Stopped by Peter Delmas with a rebound.
2:02 of 2nd period - Andrej Sustr is hit by Vladimir Zharkov and loses puck.
2:19 of 2nd period - Tyson Barrie is hit by Philip Varone.
2:47 of 2nd period - Snap shot by Matthew Nieto.
2:47 of 2nd period - Shot Misses the Net.
2:59 of 2nd period - Brian Flynn is hit by Vladimir Sobotka and loses puck.
3:22 of 2nd period - Ryan Spooner is hit by Scott Kosmachuck and loses puck.
3:34 of 2nd period - Slapshot by Oliver Bjorkstrand.
3:34 of 2nd period - Shot Blocked by Alexander Vasyunov.
3:45 of 2nd period - Wrist shot by Philip Varone.
3:45 of 2nd period - Stopped by Peter Delmas with a rebound.
3:59 of 2nd period - Wrist shot by Matthew Nieto.
3:59 of 2nd period - Stopped by Peter Delmas with a rebound.
4:01 of 2nd period - Snap shot by Matthew Nieto.
4:01 of 2nd period - Deflect By Victor Rask.
4:01 of 2nd period - Shot Misses the Net.
4:01 of 2nd period - Puck is out of play.
4:02 of 2nd period - Vladimir Sobotka wins face-off versus Brian Flynn in Little Stars zone.
4:07 of 2nd period - Snap shot by Vladimir Sobotka.
4:07 of 2nd period - Shot Blocked by Shawn Matthias.
4:15 of 2nd period - Wrist shot by Shawn Matthias.
4:15 of 2nd period - Goal by Shawn Matthias - Inferno : 4 - Little Stars : 3.
4:16 of 2nd period - Brian Flynn wins face-off versus Vladimir Sobotka in neutral zone.
4:37 of 2nd period - Minor Penalty to David Savard for Hooking.
4:38 of 2nd period - Brian Flynn wins face-off versus Vladimir Sobotka in Inferno zone.
5:45 of 2nd period - Icing by Tyler Wotherspoon.
5:46 of 2nd period - Dana Tyrell wins face-off versus Matt Kassian in Little Stars zone.
6:22 of 2nd period - Wrist shot by Andrej Sustr.
6:22 of 2nd period - Shot Misses the Net.
6:24 of 2nd period - Snap shot by Shawn Matthias.
6:24 of 2nd period - Stopped by Christopher Gibson without a rebound.
6:25 of 2nd period - Dana Tyrell wins face-off versus Philip Varone in Inferno zone.
6:28 of 2nd period - Snap shot by Dana Tyrell.
6:28 of 2nd period - Shot Blocked by Simon Danis-Pepin.
6:30 of 2nd period - Wrist shot by Dana Tyrell.
6:30 of 2nd period - Stopped by Christopher Gibson with a rebound.
6:32 of 2nd period - Slapshot by Dana Tyrell.
6:32 of 2nd period - Goal by Dana Tyrell - Inferno : 4 - Little Stars : 4.
6:33 of 2nd period - Brian Flynn wins face-off versus Vladimir Sobotka in neutral zone.
6:42 of 2nd period - Backhand shot by Shawn Matthias.
6:42 of 2nd period - Shot Blocked by Tanner Pearson.
6:44 of 2nd period - Wrist shot by Tyson Barrie.
6:44 of 2nd period - Shot Blocked by Colby Robak.
6:46 of 2nd period - Wrist shot by Shawn Matthias.
6:46 of 2nd period - Shot Blocked by Colby Robak.
7:04 of 2nd period - Snap shot by Alexander Vasyunov.
7:04 of 2nd period - Stopped by Christopher Gibson without a rebound.
7:05 of 2nd period - Mathieu Perreault wins face-off versus Oliver Bjorkstrand in Inferno zone.
7:30 of 2nd period - Slapshot by Alexander Vasyunov.
7:30 of 2nd period - Shot Misses the Net.
7:32 of 2nd period - Slapshot by Justin Auger.
7:32 of 2nd period - Deflect By Alexander Vasyunov.
7:32 of 2nd period - Shot Misses the Net.
7:32 of 2nd period - Puck is out of play.
7:33 of 2nd period - Victor Rask wins face-off versus Brian Flynn in Inferno zone.
7:40 of 2nd period - Wrist shot by Shawn Matthias.
7:40 of 2nd period - Goal by Shawn Matthias - Inferno : 4 - Little Stars : 5.
7:41 of 2nd period - Brian Flynn wins face-off versus Vladimir Sobotka in neutral zone.
7:44 of 2nd period - Wrist shot by Zach Budish.
7:44 of 2nd period - Deflect By Colby Robak.
7:44 of 2nd period - Stopped by Christopher Gibson with a rebound.
7:46 of 2nd period - Snap shot by Tyson Barrie.
7:46 of 2nd period - Shot Misses the Net.
8:14 of 2nd period - Wrist shot by Dana Tyrell.
8:14 of 2nd period - Shot Misses the Net.
8:16 of 2nd period - Slapshot by Dana Tyrell.
8:16 of 2nd period - Shot Misses the Net.
8:30 of 2nd period - Tucker Poolman is hit by David Savard and loses puck.
9:30 of 2nd period - Jordie Benn is hit by Oliver Bjorkstrand.
10:02 of 2nd period - Zach Budish is hit by Bryan Rust and loses puck.
10:19 of 2nd period - Snap shot by Tanner Pearson.
10:19 of 2nd period - Shot Misses the Net.
10:21 of 2nd period - Wrist shot by Mathieu Brodeur.
10:21 of 2nd period - Shot Blocked by Tyson Barrie.
10:23 of 2nd period - Wrist shot by Tanner Pearson.
10:23 of 2nd period - Stopped by Peter Delmas without a rebound.
10:24 of 2nd period - Vladimir Sobotka wins face-off versus Dana Tyrell in Little Stars zone.
10:34 of 2nd period - Minor Penalty to Christian Folin for Cross-checking.
10:35 of 2nd period - Vladimir Sobotka wins face-off versus Dana Tyrell in Inferno zone.
12:34 of 2nd period - Penalty to Christian Folin is over, Christian Folin is back on ice.
12:45 of 2nd period - Simon Danis-Pepin is hit by Tyson Barrie and loses puck.
12:50 of 2nd period - Snap shot by Mathieu Perreault.
12:50 of 2nd period - Stopped by Christopher Gibson without a rebound.
12:51 of 2nd period - Justin Auger wins face-off versus Ryan Spooner in Inferno zone.
12:58 of 2nd period - Slapshot by Colby Robak.
12:58 of 2nd period - Stopped by Peter Delmas without a rebound.
12:59 of 2nd period - Ryan Spooner wins face-off versus Mathieu Perreault in Little Stars zone.
13:00 of 2nd period - Slapshot by Colby Robak.
13:00 of 2nd period - Stopped by Peter Delmas with a rebound.
13:02 of 2nd period - Slapshot by Colby Robak.
13:02 of 2nd period - Deflect By Alexander Vasyunov.
13:02 of 2nd period - Stopped by Peter Delmas without a rebound.
13:03 of 2nd period - Philip Varone wins face-off versus Brian Flynn in Little Stars zone.
13:12 of 2nd period - Slapshot by Colby Robak.
13:12 of 2nd period - Shot Misses the Net.
13:18 of 2nd period - Oliver Bjorkstrand is hit by Jordie Benn.
14:03 of 2nd period - Off-side.
14:04 of 2nd period - Brian Flynn wins face-off versus Philip Varone in neutral zone.
14:09 of 2nd period - Snap shot by Shawn Matthias.
14:09 of 2nd period - Shot Misses the Net.
15:04 of 2nd period - Wrist shot by Matthew Nieto.
15:04 of 2nd period - Stopped by Peter Delmas without a rebound.
15:05 of 2nd period - Brian Flynn wins face-off versus Philip Varone in Little Stars zone.
16:16 of 2nd period - Snap shot by Alexander Vasyunov.
16:16 of 2nd period - Shot Blocked by Ryan Spooner.
16:18 of 2nd period - Snap shot by Tyson Barrie.
16:18 of 2nd period - Stopped by Christopher Gibson with a rebound.
16:20 of 2nd period - Slapshot by Anton Cederholm.
16:20 of 2nd period - Deflect By Mathieu Perreault.
16:20 of 2nd period - Stopped by Christopher Gibson with a rebound.
16:22 of 2nd period - Slapshot by Mathieu Perreault.
16:22 of 2nd period - Shot Misses the Net.
16:50 of 2nd period - Slapshot by Colby Robak.
16:50 of 2nd period - Shot Misses the Net.
17:06 of 2nd period - Wrist shot by Vladimir Sobotka.
17:06 of 2nd period - Stopped by Peter Delmas without a rebound.
17:07 of 2nd period - Vladimir Sobotka wins face-off versus Mathieu Perreault in Little Stars zone.
17:14 of 2nd period - Snap shot by Vladimir Sobotka.
17:14 of 2nd period - Shot Misses the Net.
17:16 of 2nd period - Slapshot by Christian Folin.
17:16 of 2nd period - Stopped by Peter Delmas with a rebound.
17:18 of 2nd period - Snap shot by Tanner Pearson.
17:18 of 2nd period - Goal by Tanner Pearson - Inferno : 5 - Little Stars : 5.
17:19 of 2nd period - Vladimir Sobotka wins face-off versus Brian Flynn in neutral zone.
17:28 of 2nd period - Snap shot by Tyson Barrie.
17:28 of 2nd period - Stopped by Christopher Gibson without a rebound.
17:29 of 2nd period - Vladimir Sobotka wins face-off versus Brian Flynn in Inferno zone.
17:50 of 2nd period - Snap shot by Shawn Matthias.
17:50 of 2nd period - Stopped by Christopher Gibson with a rebound.
18:04 of 2nd period - Snap shot by Colby Robak.
18:04 of 2nd period - Stopped by Peter Delmas without a rebound.
18:05 of 2nd period - Scott Kosmachuck wins face-off versus Philip Varone in Little Stars zone.
18:12 of 2nd period - Snap shot by Dana Tyrell.
18:12 of 2nd period - Stopped by Christopher Gibson with a rebound.
18:14 of 2nd period - Slapshot by Jesse Joensuu.
18:14 of 2nd period - Stopped by Christopher Gibson with a rebound.
18:16 of 2nd period - Wrist shot by Dana Tyrell.
18:16 of 2nd period - Shot Misses the Net.
18:18 of 2nd period - Wrist shot by Dana Tyrell.
18:18 of 2nd period - Shot Misses the Net.
18:40 of 2nd period - Alexander Vasyunov is hit by Matthew Nieto and loses puck.
19:04 of 2nd period - Icing by Simon Danis-Pepin.
19:05 of 2nd period - Vladimir Zharkov wins face-off versus Dana Tyrell in Inferno zone.
19:05 of 2nd period - Vladimir Zharkov is hit by Jesse Joensuu.
19:10 of 2nd period - Off-side.
19:11 of 2nd period - Dana Tyrell wins face-off versus Philip Varone in neutral zone.
19:22 of 2nd period - Slapshot by David Savard.
19:22 of 2nd period - Shot Blocked by Tyson Barrie.
19:24 of 2nd period - Wrist shot by Matt Kassian.
19:24 of 2nd period - Shot Blocked by Dana Tyrell.
19:26 of 2nd period - Wrist shot by Philip Varone.
19:26 of 2nd period - Stopped by Peter Delmas without a rebound.
19:27 of 2nd period - Brian Flynn wins face-off versus Vladimir Sobotka in Little Stars zone.
19:52 of 2nd period - Colby Robak is hit by Dana Tyrell and loses puck.
Goals for this period are 2 for Inferno vs 3 for Little Stars.
Shots for this period are 15 for Inferno vs 15 for Little Stars.
3rd period
0:01 of 3rd period - Vladimir Sobotka wins face-off versus Brian Flynn in neutral zone.
0:34 of 3rd period - Slapshot by Dana Tyrell.
0:34 of 3rd period - Shot Misses the Net.
0:36 of 3rd period - Snap shot by Scott Kosmachuck.
0:36 of 3rd period - Shot Blocked by Mathieu Brodeur.
0:38 of 3rd period - Snap shot by Jesse Joensuu.
0:38 of 3rd period - Shot Misses the Net.
0:40 of 3rd period - Snap shot by Jesse Joensuu.
0:40 of 3rd period - Stopped by Christopher Gibson without a rebound.
0:41 of 3rd period - Mathieu Perreault wins face-off versus Vladimir Sobotka in Inferno zone.
0:42 of 3rd period - Slapshot by Alexander Vasyunov.
0:42 of 3rd period - Stopped by Christopher Gibson without a rebound.
0:43 of 3rd period - Vladimir Sobotka wins face-off versus Mathieu Perreault in Inferno zone.
1:08 of 3rd period - Jordie Benn is hit by Philip Varone and loses puck.
1:35 of 3rd period - Snap shot by Jesse Joensuu.
1:35 of 3rd period - Shot Blocked by Christian Folin.
1:37 of 3rd period - Snap shot by Tyler Wotherspoon.
1:37 of 3rd period - Stopped by Christopher Gibson with a rebound.
1:39 of 3rd period - Slapshot by Jordie Benn.
1:39 of 3rd period - Stopped by Christopher Gibson with a rebound.
2:11 of 3rd period - Slapshot by Tyson Barrie.
2:11 of 3rd period - Shot Blocked by Colby Robak.
2:15 of 3rd period - Wrist shot by Shawn Matthias.
2:15 of 3rd period - Shot Misses the Net.
2:17 of 3rd period - Wrist shot by Shawn Matthias.
2:17 of 3rd period - Shot Misses the Net.
2:51 of 3rd period - Slapshot by Matthew Nieto.
2:51 of 3rd period - Deflect By Bryan Rust.
2:51 of 3rd period - Shot Blocked by Anton Cederholm.
2:51 of 3rd period - Puck is out of play.
2:52 of 3rd period - Mathieu Perreault wins face-off versus Tanner Pearson in Little Stars zone.
2:57 of 3rd period - Tyson Barrie is hit by Vladimir Sobotka and loses puck.
3:18 of 3rd period - Esa Lindell is hit by Andrej Sustr.
3:58 of 3rd period - Icing by Bryan Rust.
3:59 of 3rd period - Mathieu Perreault wins face-off versus Ryan Spooner in Inferno zone.
4:04 of 3rd period - Slapshot by Alexander Vasyunov.
4:04 of 3rd period - Stopped by Christopher Gibson without a rebound.
4:05 of 3rd period - Ryan Spooner wins face-off versus Mathieu Perreault in Inferno zone.
4:16 of 3rd period - Tyler Wotherspoon is hit by Luca Sbisa and loses puck.
4:30 of 3rd period - Jordie Benn is hit by Luca Sbisa and loses puck.
4:51 of 3rd period - Wrist shot by Mathieu Perreault.
4:51 of 3rd period - Stopped by Christopher Gibson with a rebound.
5:03 of 3rd period - Off-side.
5:04 of 3rd period - Brian Flynn wins face-off versus Vladimir Sobotka in neutral zone.
5:42 of 3rd period - Wrist shot by Jesse Joensuu.
5:42 of 3rd period - Shot Misses the Net.
5:58 of 3rd period - Slapshot by Tyson Barrie.
5:58 of 3rd period - Shot Blocked by Matthew Nieto.
6:00 of 3rd period - Slapshot by Andrej Sustr.
6:00 of 3rd period - Shot Blocked by Mathieu Brodeur.
6:47 of 3rd period - Off-side.
6:48 of 3rd period - Bo Horvat wins face-off versus Luca Sbisa in neutral zone.
6:57 of 3rd period - Snap shot by Bo Horvat.
6:57 of 3rd period - Shot Misses the Net.
7:13 of 3rd period - Esa Lindell is hit by Jesse Joensuu and loses puck.
7:34 of 3rd period - Slapshot by Matthew Nieto.
7:34 of 3rd period - Shot Misses the Net.
7:47 of 3rd period - Off-side.
7:48 of 3rd period - Mathieu Perreault wins face-off versus Philip Varone in neutral zone.
7:56 of 3rd period - Slapshot by Christian Folin.
7:56 of 3rd period - Stopped by Peter Delmas with a rebound.
8:24 of 3rd period - Icing by Tyson Barrie.
8:25 of 3rd period - Vladimir Sobotka wins face-off versus Brian Flynn in Little Stars zone.
8:26 of 3rd period - Snap shot by Tanner Pearson.
8:26 of 3rd period - Shot Misses the Net.
8:36 of 3rd period - Snap shot by Vladimir Zharkov.
8:36 of 3rd period - Stopped by Peter Delmas without a rebound.
8:36 of 3rd period - Minor Penalty to Peter Delmas for Slashing.
8:37 of 3rd period - Shawn Matthias wins face-off versus Vladimir Sobotka in Little Stars zone.
10:36 of 3rd period - Penalty to Andrej Sustr is over, Andrej Sustr is back on ice.
10:47 of 3rd period - Snap shot by Shawn Matthias.
10:47 of 3rd period - Stopped by Christopher Gibson with a rebound.
10:49 of 3rd period - Slapshot by Jordie Benn.
10:49 of 3rd period - Stopped by Christopher Gibson without a rebound.
10:50 of 3rd period - Ryan Spooner wins face-off versus Dana Tyrell in Inferno zone.
11:01 of 3rd period - Slapshot by Luca Sbisa.
11:01 of 3rd period - Stopped by Peter Delmas with a rebound.
11:17 of 3rd period - Slapshot by Colby Robak.
11:17 of 3rd period - Shot Misses the Net.
11:19 of 3rd period - Slapshot by Simon Danis-Pepin.
11:19 of 3rd period - Stopped by Peter Delmas with a rebound.
11:21 of 3rd period - Snap shot by Philip Varone.
11:21 of 3rd period - Stopped by Peter Delmas without a rebound.
11:22 of 3rd period - Philip Varone wins face-off versus Dana Tyrell in Little Stars zone.
11:27 of 3rd period - Snap shot by Philip Varone.
11:27 of 3rd period - Stopped by Peter Delmas with a rebound.
11:29 of 3rd period - Slapshot by Simon Danis-Pepin.
11:29 of 3rd period - Deflect By Oliver Bjorkstrand.
11:29 of 3rd period - Stopped by Peter Delmas without a rebound.
11:30 of 3rd period - Vladimir Sobotka wins face-off versus Dana Tyrell in Little Stars zone.
11:31 of 3rd period - Snap shot by Vladimir Zharkov.
11:31 of 3rd period - Shot Hit the Post.
11:37 of 3rd period - Dana Tyrell is hit by Vladimir Zharkov and loses puck.
12:16 of 3rd period - Wrist shot by Matthew Nieto.
12:16 of 3rd period - Shot Blocked by Andrej Sustr.
13:13 of 3rd period - Wrist shot by Philip Varone.
13:13 of 3rd period - Shot Blocked by Tyler Wotherspoon.
13:15 of 3rd period - Slapshot by Simon Danis-Pepin.
13:15 of 3rd period - Stopped by Peter Delmas with a rebound.
13:53 of 3rd period - Vladimir Zharkov is hit by Jesse Joensuu and loses puck.
14:00 of 3rd period - Christian Folin is hit by Scott Kosmachuck and loses puck.
14:17 of 3rd period - Justin Auger is hit by Mathieu Brodeur and loses puck.
15:02 of 3rd period - Slapshot by Tanner Pearson.
15:02 of 3rd period - Goal by Tanner Pearson - Inferno : 6 - Little Stars : 5.
15:03 of 3rd period - Brian Flynn wins face-off versus Victor Rask in neutral zone.
15:11 of 3rd period - Minor Penalty to Matthew Nieto for Diving.
15:12 of 3rd period - Vladimir Sobotka wins face-off versus Brian Flynn in Inferno zone.
15:16 of 3rd period - Wrist shot by Brian Flynn.
15:16 of 3rd period - Stopped by Christopher Gibson with a rebound.
15:18 of 3rd period - Wrist shot by Zach Budish.
15:18 of 3rd period - Goal by Zach Budish - Inferno : 6 - Little Stars : 6.
15:19 of 3rd period - Victor Rask wins face-off versus Brian Flynn in neutral zone.
15:35 of 3rd period - Slapshot by Andrej Sustr.
15:35 of 3rd period - Shot Blocked by Mathieu Brodeur.
15:45 of 3rd period - Andrej Sustr is hit by Vladimir Sobotka and loses puck.
16:08 of 3rd period - Matt Kassian is hit by Mathieu Perreault and loses puck.
16:55 of 3rd period - Slapshot by Esa Lindell.
16:55 of 3rd period - Shot Misses the Net.
16:57 of 3rd period - Snap shot by Bryan Rust.
16:57 of 3rd period - Shot Blocked by Tyler Wotherspoon.
17:09 of 3rd period - Snap shot by Shawn Matthias.
17:09 of 3rd period - Shot Blocked by Colby Robak.
17:30 of 3rd period - Slapshot by Mathieu Perreault.
17:30 of 3rd period - Shot Hit the Post.
17:32 of 3rd period - Slapshot by Alexander Vasyunov.
17:32 of 3rd period - Shot Blocked by Christian Folin.
17:34 of 3rd period - Snap shot by Justin Auger.
17:34 of 3rd period - Stopped by Christopher Gibson with a rebound.
17:36 of 3rd period - Slapshot by Alexander Vasyunov.
17:36 of 3rd period - Stopped by Christopher Gibson with a rebound.
17:38 of 3rd period - Wrist shot by Justin Auger.
17:38 of 3rd period - Shot Blocked by Matt Kassian.
17:40 of 3rd period - Slapshot by Alexander Vasyunov.
17:40 of 3rd period - Shot Misses the Net.
19:42 of 3rd period - Icing by Brian Flynn.
19:43 of 3rd period - Vladimir Sobotka wins face-off versus Brian Flynn in Little Stars zone.
Goals for this period are 1 for Inferno vs 1 for Little Stars.
Shots for this period are 9 for Inferno vs 12 for Little Stars.
Overtime #1
0:01 of 1st overtime period - Vladimir Sobotka wins face-off versus Shawn Matthias in neutral zone.
0:08 of 1st overtime period - Slapshot by Vladimir Zharkov.
0:08 of 1st overtime period - Stopped by Peter Delmas with a rebound.
0:54 of 1st overtime period - Wrist shot by Philip Varone.
0:54 of 1st overtime period - Shot Misses the Net.
0:56 of 1st overtime period - Wrist shot by Bryan Rust.
0:56 of 1st overtime period - Stopped by Peter Delmas with a rebound.
1:10 of 1st overtime period - Icing by Tyler Wotherspoon.
1:11 of 1st overtime period - Matt Kassian wins face-off versus Emile Poirier in Little Stars zone.
1:12 of 1st overtime period - Backhand shot by Christian Folin.
1:12 of 1st overtime period - Shot Misses the Net.
1:46 of 1st overtime period - Andrej Sustr is hit by Mathieu Brodeur and loses puck.
2:32 of 1st overtime period - Jordie Benn is hit by Vladimir Sobotka and loses puck.
3:09 of 1st overtime period - Colby Robak is hit by Bo Horvat and loses puck.
3:34 of 1st overtime period - Matt Kassian is hit by Tyler Wotherspoon and loses puck.
Goals for this period are 0 for Inferno vs 0 for Little Stars.
Shots for this period are 2 for Inferno vs 0 for Little Stars.
ShootOut
5:00 of 1st overtime period - Penalty Shot by Vladimir Zharkov for Inferno.
5:00 of 1st overtime period - Deke by Vladimir Zharkov.
5:00 of 1st overtime period - Stopped by Peter Delmas.
5:00 of 1st overtime period - Penalty Shot by Shawn Matthias for Little Stars.
5:00 of 1st overtime period - Deke by Shawn Matthias.
5:00 of 1st overtime period - Goal by Shawn Matthias.
5:00 of 1st overtime period - Penalty Shot by Victor Rask for Inferno.
5:00 of 1st overtime period - Deke by Victor Rask.
5:00 of 1st overtime period - Goal by Victor Rask.
5:00 of 1st overtime period - Penalty Shot by Brian Flynn for Little Stars.
5:00 of 1st overtime period - Backhand shot by Brian Flynn.
5:00 of 1st overtime period - Goal by Brian Flynn.
5:00 of 1st overtime period - Penalty Shot by Philip Varone for Inferno.
5:00 of 1st overtime period - Snap shot by Philip Varone.
5:00 of 1st overtime period - Stopped by Peter Delmas.
Back to the Top